Match 47175539
Unlisted

Match 47175539
End
Pioneer Squad
Pioneer Squad
Construct Infanterie Kompanie
Selects Italian Coastal Battlegroup
Selects Coastal Reserves
MG 42 Machine Gun Team
MG 42 Machine Gun Team
MG 42 Machine Gun Team
Construct Luftwaffe Kompanie
Selects Support Bunkers
Medical Station
Flak 30 Anti-aircraft Gun Team
Flak 30 Anti-aircraft Gun Team
Pioneer Squad
Pioneer Squad
Construct Panzergrenadier Kompanie
Selects Designated Artillery Overwatch
Selects Artillery Officer
Selects Coastal Wall
Pioneer Squad
Designated Artillery Overwatch
Flak 30 Anti-aircraft Gun Team
Support Elements
Selects Bulwark
Pak 40 Anti-tank Gun Team
Designated Artillery Overwatch
Unrolled
mentoss
0
0

Comments sign in to comment!

No comments posted yet!